 Dungeon Crawl Stone Soup version 0.28.0-45-g0d030f2227 (webtiles) character file.

Game seed: 13078635847184854099

2151 seaoflcl the Covered (level 9, 0/102 HPs)
             Began as a Human Fighter on Apr 10, 2022.
             Was an Elder of Zin.
             Succumbed to a killer bee's poison
             ... on level 7 of the Dungeon.
             The game lasted 00:20:35 (8117 turns).

seaoflcl the Covered (Human Fighter)                Turns: 8117, Time: 00:20:36

Health: 0/102      AC: 12    Str: 27    XL:     9   Next: 56%
Magic:  9/9        EV: 11    Int:  8    God:    Zin [****..]
Gold:   349        SH:  5    Dex: 16    Spells: 8/8 levels left

rFire   + . .      SeeInvis +   q - +3 whip of Vyngaj {vorpal, *Rage rC+ Dex+3}
rCold   + . .      Faith    .   c - +0 buckler
rNeg    . . .      Spirit   .   b - +0 scale mail
rPois   +          Reflect  .   o - +2 helmet of Mezcal {Str+6 SInv}
rElec   .          Harm     .   l - +0 cloak
rCorr   .          Rampage  .   (no gloves)
Will    .....      Rage     20% (no boots)
Stlth   ..........              (no amulet)
HPRegen 0.27/turn               f - ring of protection from fire
MPRegen 0.11/turn               g - ring of poison resistance

@: berserking, lethally poisoned (0 -> -14), very quick
A: no striking features
a: Renounce Religion, Recite, Vitalisation, Imprison, Donate Gold


You were on level 7 of the Dungeon.
You worshipped Zin.
Zin was greatly pleased with you.
You visited 1 branch of the dungeon, and saw 8 of its levels.
You also visited: Ossuary.

You collected 387 gold pieces.
You donated 38 gold pieces to Zin.

Inventory:

Hand Weapons
 a - a +0 long sword
 m - a +0 hunting sling
 q - the +3 whip of Vyngaj (weapon) {vorpal, *Rage rC+ Dex+3}
   (You found it on level 4 of the Dungeon)

   It inflicts extra damage upon your enemies.
   Dex:       It affects your dexterity (+3).
   rC:        It protects you from cold.
   *Rage:     It berserks you when you make melee attacks (+20% chance).
 s - a +1 vorpal war axe
 v - a +4 battleaxe
 w - a +3 hand axe
 x - a +1 short sword
 y - a +3 flail
 G - a +3 spear of freezing
 K - the +8 mace "Rinucrilla" {drain, rElec rF+ Stlth-}
   (You found it on level 6 of the Dungeon)

   A truly terrible weapon, it drains the life of any living foe it strikes.
   rF:        It protects you from fire.
   rElec:     It insulates you from electricity.
   Stlth:     It makes you less stealthy.
   Zin disapproves of the use of such an item.
Armour
 b - a +0 scale mail (worn)
 c - a +0 buckler (worn)
 l - a +0 cloak (worn)
 o - the +2 helmet of Mezcal (worn) {Str+6 SInv}
   (You found it on level 2 of the Dungeon)

   Str:       It affects your strength (+6).
   SInv:      It lets you see invisible.
Jewellery
 f - a ring of protection from fire (left hand)
 g - a ring of poison resistance (right hand)
 F - a ring of protection from fire
Wands
 J - a wand of digging (5)
 L - a wand of polymorph (7)
Scrolls
 e - 2 scrolls of teleportation {unknown}
 h - a scroll of brand weapon {unknown}
 i - 2 scrolls of fear {unknown}
 k - 3 scrolls of blinking
 n - 3 scrolls of magic mapping {unknown}
 r - 4 scrolls of fog
 u - 2 scrolls of amnesia {unknown}
 z - a scroll of acquirement {unknown}
 A - a scroll of noise {unknown}
 D - 3 scrolls of enchant weapon
 H - a scroll of silence {unknown}
Potions
 d - 3 potions of mutation (quivered)
 j - 2 potions of lignification
 p - a potion of flight {unknown}
 t - a potion of curing
 B - a potion of brilliance {unknown}
 C - a potion of might
 E - 2 potions of heal wounds
 I - a potion of resistance {unknown}


   Skills:
 + Level 5.3 Fighting
 + Level 3.1 Long Blades
 + Level 6.2 Maces & Flails
 + Level 7.6 Armour
 + Level 2.6 Dodging
 + Level 1.6 Stealth
 + Level 4.9 Shields


You had 8 spell levels left.
You didn't know any spells.
Your spell library contained the following spells:

 Spells                   Type           Power      Damage    Failure   Level
 Corpse Rot               Necr/Air       0%         N/A       86%         2
 Poisonous Vapours        Pois/Air       0%         N/A       86%         2
 Static Discharge         Conj/Air       0%         N/A       86%         2
 Gell's Gravitas          Tloc           0%         N/A       98%         3
 Lesser Beckoning         Tloc           0%         N/A       98%         3
 Teleport Other           Tloc           0%         N/A       98%         3
 Lightning Bolt           Conj/Air       0%         1d11      100%        5
 Maxwell's Capacitive Co  Air            0%         ∞         100%        8


Dungeon Overview and Level Annotations

Branches:
Dungeon (8/15)            Ossuary (visited)
 Temple: D:4-7         Lair: D:8-11

Altars:
Zin

Shops:
D:1 (

Annotations:
D:2 Robin


Message History

The killer bee is heavily wounded.
You feel very sick. The killer bee barely misses you.
The killer bee stings you. x2
* * * LOW HITPOINT WARNING * * *
The killer bee stings you.
* * * LOW HITPOINT WARNING * * *
You are more poisoned.
The killer bee poisons you!
The killer bee stings you but does no damage. x2
You barely miss the killer bee.
The killer bee is heavily wounded.
You feel very sick. The killer bee barely misses you.
The killer bee stings you but does no damage.
You block the killer bee's attack. The killer bee stings you.
* * * LOW HITPOINT WARNING * * *
The killer bee stings you.
* * * LOW HITPOINT WARNING * * *
The killer bee stings you.
* * * LOW HITPOINT WARNING * * *
You closely miss the killer bee.
The killer bee is heavily wounded.
* * * LOW HITPOINT WARNING * * *
You feel very sick.
The killer bee stings you but does no damage. x2
The killer bee stings you.
* * * LOW HITPOINT WARNING * * *
The killer bee completely misses you. The killer bee barely misses you.
The killer bee stings you but does no damage.
You block the killer bee's attack. The killer bee stings you.
* * * LOW HITPOINT WARNING * * *
The killer bee stings you but does no damage.
You closely miss the killer bee.
The killer bee is heavily wounded.
* * * LOW HITPOINT WARNING * * *
You feel sick. The killer bee misses you. x2
You block the killer bee's attack.
The killer bee stings you but does no damage.
You block the killer bee's attack. The killer bee closely misses you.
You die...

.#.......#
.#.......######
.#......)))...#
.#######.####.# .# #.#
#.# ########.#
#.##########
.......#.####..yyy.....#
...............y>......#
#.###....####..y@y.....#
....'....# #..........#
#.###...#####..........#
#.# ####.......#########
#'######.......#
...............#
...............#
...............####
...............'..#


You could see 6 killer bees.

Vanquished Creatures
  2 ice beasts
  3 sky beasts
  An ogre (D:7)
  A centaur (D:7)
  2 scorpions (D:4)
  2 bullfrogs (D:6)
  A wyvern skeleton (D:6)
  5 wights (D:4)
  6 centaur zombies
  A bullfrog zombie (D:6)
  3 jellies
  An orc priest (D:6)
  A bullfrog skeleton (D:4)
  2 gnoll shamans
  3 hounds (D:6)
  2 iguanas (D:4)
  4 orc wizards
  A killer bee zombie (D:6)
  6 mummies (Ossuary)
  12 gnolls
  7 adders
  A white imp (D:6)
  2 worms (D:3)
  2 dart slugs
  14 orcs
  6 ball pythons
  2 endoplasms
  3 giant cockroaches
  14 goblins
  6 hobgoblins
  4 kobolds
  3 quokkas
  4 bats
  5 frilled lizards
  3 hobgoblin zombies (Ossuary)
  4 rats
  A rat zombie (D:6)
140 creatures vanquished.

Vanquished Creatures (others)
  2 plants
  7 toadstools (D:1)
9 creatures vanquished.

Grand Total: 149 creatures vanquished

Notes
Turn   | Place    | Note
-------+----------+-------------------------------------------
     0 | D:1      | seaoflcl the Human Fighter began the quest for the Orb.
     0 | D:1      | Reached XP level 1. HP: 18/18 MP: 1/1
   220 | D:1      | Found Heicsaeph's Weapon Shop.
   432 | D:1      | Reached XP level 2. HP: 24/24 MP: 2/2
  1274 | D:2      | Reached XP level 3. HP: 16/29 MP: 3/3
  1580 | D:2      | Found a faded altar of an unknown god.
  1589 | D:2      | Prayed at the altar of an unknown god.
  1589 | D:2      | Became a worshipper of Zin the Law-Giver
  1589 | D:2      | Reached * piety under Zin
  1589 | D:2      | Reached ** piety under Zin
  1768 | D:2      | Identified the +2 helmet of Mezcal {Str+6 SInv}
  1852 | D:2      | Noticed Robin
  1894 | D:3      | Reached XP level 4. HP: 9/35 MP: 4/4
  3233 | D:4      | Identified the +3 whip of Vyngaj {vorpal, *Rage rC+ Dex+3}
  3317 | D:4      | Reached XP level 5. HP: 41/41 MP: 5/5
  3330 | D:4      | Reached skill level 4 in Armour
  3330 | D:4      | Reached skill level 1 in Dodging
  3810 | D:4      | Reached skill level 1 in Maces & Flails
  3810 | D:4      | Reached XP level 6. HP: 47/47 MP: 6/6
  3930 | D:4      | Reached skill level 1 in Stealth
  3938 | D:4      | Reached XP level 7. HP: 28/53 MP: 7/7
  4938 | D:4      | Reached skill level 5 in Armour
  4941 | D:4      | Reached *** piety under Zin
  4965 | D:5      | Entered Level 5 of the Dungeon
  4972 | D:5      | You fall into a shaft and drop 1 floor!
  4980 | D:6      | Found a sand-covered staircase.
  5057 | D:6      | Reached XP level 8. HP: 46/60 MP: 8/8
  5148 | Ossuary  | Entered an ossuary
  5168 | Ossuary  | Reached skill level 6 in Armour
  5893 | D:6      | Reached skill level 5 in Fighting
  6255 | D:6      | Reached XP level 9. HP: 68/68 MP: 9/9
  6365 | D:6      | Reached skill level 5 in Maces & Flails
  6503 | D:6      | Reached **** piety under Zin
  6522 | D:6      | Identified the +8 mace "Rinucrilla" {drain, rElec rF+
                  | Stlth-}
  6724 | D:6      | Reached skill level 7 in Armour
  8115 | D:7      | HP: 4/102 [killer bee (2)]
  8117 | D:7      | Succumbed to a killer bee's poison

Illustrated notes

Levels and vault maps discovered:
D:1:      nagdon_arrival_double_spiral, layout_basic, serial_shops, shop_coins
D:2:      layout_rooms, dilly_ecumenical_altar_fadedgnrine, uniq_robin
D:3:      layout_loops_ring
D:4:      layout_cave_pods
D:5:      layout_basic, minmay_temple_entry_junction, minmay_statues_item,
          kennysheep_generic_room_13, uniq_menkaure
D:6:      layout_basic, enter_ossuary_3, serial_bayou_pond_d,
          hangedman_abyss_or_decor_lesser_grid, mrwooster_statue_mirror
D:7:      layout_basic
D:8:      layout_rooms, due_lair_maze_entry_diamond, uniq_psyche

Skill      XL: |  1  2  3  4  5  6  7  8  9 |
---------------+----------------------------+-----
Armour         | 4 5 6 7 |  7.6
Dodging        | 1 2 |  2.6
Long Blades    | 3 |  3.1
Maces & Flails | 1 2 3 4 6 |  6.2
Stealth        | 1 |  1.6
Shields        | 4 |  4.9
Fighting       | 4 5 |  5.3

Action                   |  1- 3 |  4- 6 |  7- 9 || total
-------------------------+-------+-------+-------++-------
Melee: Long sword        |    93 |    66 |       ||   159
       Whip              |       |    61 |   281 ||   342
  Use: Scroll            |     4 |       |     5 ||     9
       Potion            |     2 |       |     3 ||     5
Armor: Scale mail        |    92 |    68 |   202 ||   362
Dodge: Dodged            |    61 |    75 |   192 ||   328
Block: Buckler           |    44 |    34 |   102 ||   180
